 Dungeon Crawl Stone Soup version 0.29-a0-43-g62a80824bf (webtiles) character file.

Game seed: 9473325213252918941

497 HallandMoats the Skirmisher (level 7, -6/44 HPs)
             Began as a Gargoyle Fighter on Feb 2, 2022.
             Was a Believer of Cheibriados.
             Killed from afar by Ijyb (30 damage)
             ... with a bolt of acid
             ... on level 4 of the Dungeon.
             The game lasted 00:04:00 (3606 turns).

HallandMoats the Skirmisher (Gargoyle Fighter)      Turns: 3606, Time: 00:04:01

Health: -6/44      AC:  9    Str: 27    XL:     7   Next: 15%
Magic:  9/9        EV: 10    Int: 15    God:    Cheibriados [**....]
Gold:   86         SH:  5    Dex: 15    Spells: 6/6 levels left

rFire   . . .      SeeInvis .   a - +0 war axe
rCold   . . .      Faith    .   c - +0 buckler
rNeg    + + .      Spirit   .   b - +0 scale mail
rPois   ∞          Reflect  .   (no helmet)
rElec   +          Harm     .   (no cloak)
rCorr   .          Rampage  .   m - +0 pair of gloves
Will    .....                   (no boots)
Stlth   ..........              (no amulet)
HPRegen 0.14/turn               t - ring of positive energy
MPRegen 0.11/turn               q - ring of flight

@: corroded, flying, very slow
A: sickness immunity, AC +4, negative energy resistance 1, electricity
resistance, torment resistance 1, petrification resistance
a: Renounce Religion, Bend Time


You were on level 4 of the Dungeon.
You worshipped Cheibriados.
Cheibriados was pleased with you.
You visited 1 branch of the dungeon, and saw 4 of its levels.

You collected 86 gold pieces.

Inventory:

Hand Weapons
 a - a +0 war axe (weapon)
Missiles
 o - 2 throwing nets (quivered)
Armour
 b - a +0 scale mail (worn)
 c - a +0 buckler (worn)
 m - a +0 pair of gloves (worn)
Jewellery
 q - a ring of flight (right hand)
 t - a ring of positive energy (left hand)
 u - an amulet of magic regeneration
Scrolls
 f - a scroll of teleportation {unknown}
 h - 6 scrolls of identify {unknown}
 i - 2 scrolls of fear {unknown}
 l - 2 scrolls of amnesia {unknown}
 n - a scroll of enchant weapon {unknown}
 p - a scroll of fog {unknown}
 r - a scroll of immolation {unknown}
 s - a scroll of acquirement {unknown}
Potions
 e - a potion of berserk rage {unknown}
 g - a potion of lignification {unknown}
 j - 2 potions of mutation {unknown}
 k - a potion of curing {unknown}


   Skills:
 * Level 5.0 Fighting
 * Level 3.5 Axes
 + Level 4.1 Armour
 + Level 1.5 Dodging
 + Level 4.2 Shields
 * Level 3.5 Invocations


You had 6 spell levels left.
You didn't know any spells.
Your spell library contained the following spells:

 Spells                   Type           Power      Damage    Failure   Level
 Dazzling Flash           Conj/Hex       0%         N/A       92%         3
 Inner Flame              Hex/Fire       0%         N/A       92%         3
 Cause Fear               Hex            0%         N/A       100%        4
 Iskenderun's Mystic Bla  Conj/Tloc      0%         2d3       100%        4
 Starburst                Conj/Fire      0%         6d3       100%        6
 Discord                  Hex            0%         N/A       100%        8


Dungeon Overview and Level Annotations

Branches:
Dungeon (4/15)
 Temple: D:4-7

Altars:
Cheibriados

Annotations:
D:4 Ijyb


Innate Abilities, Weirdness & Mutations

You are immune to sickness and miasma.
Your stone body is resilient. (AC +4)
You are immune to poison.
You resist negative energy. (rN+)
You are resistant to electric shocks. (rElec)
You are resistant to unholy torment.
You are immune to petrification.


Message History

An orc comes into view. It is wielding a +0 falchion.
A ball python comes into view.
The ufetubus barely misses you. x2
You barely miss the ufetubus.
Ijyb shouts!
The ball python hisses angrily.
You block the ufetubus's attack. The ufetubus completely misses you.
An orc comes into view. It is wielding a +0 hand axe.
The ufetubus barely misses you. You block the ufetubus's attack.
You barely miss the ufetubus. You block the ufetubus's attack.
The ufetubus hits you but does no damage.
An orc comes into view. It is wielding a +0 hand axe.
The ufetubus closely misses you.
The ufetubus hits you but does no damage.
Ijyb zaps a wand.
The bolt of acid hits the ufetubus!!
The ufetubus dies!
The bolt of acid misses you.
You slash the ball python!
You kill the ball python!
Cheibriados thoroughly appreciates the change of pace.
Cheibriados raises the support of your attributes as your movement slows.
t - a ring of positive energy (left hand)
You fly up into the air.
q - a ring of flight (right hand)
You slash the orc!
You kill the orc!
Cheibriados appreciates the change of pace.
You hit the orc.
The orc is moderately wounded.
The orc closely misses you.
You barely miss the orc.
The orc is moderately wounded.
The orc hits you with a +0 hand axe.
Ijyb zaps a wand.
The bolt of acid hits the orc!
The acid corrodes the orc!
The orc dies!
The bolt of acid hits you! The acid corrodes you!
The orc shouts!
A jackal comes into view.
Ijyb zaps a wand.
The bolt of acid hits you!!
Ouch! That really hurt!
You die...

..##... ..........# ...h
#.......... ##..≈. ##.........
...... ..#.........# #.....#
............##....♣≈≈
......)..##..#(...≈≈o
#..##....#..#....♣.≈... ..
#..#...#..#....@.g.....≈≈≈≈ ..
.#...........##........♣..≈. ..
.........(>#..#......≈..≈...###..
.....##..#......#.....≈..≈≈♣≈....
.(..#..###...###....#..#.#.....>
##...........#.....# ##.....†..
#.#...................####......#
#.....(.......#.................
###..##.......#.................


You could see Ijyb, an orc and a jackal (wandering).

Vanquished Creatures
  Grinder (D:3)
  A jelly (D:4)
  A gnoll shaman (D:3)
  Natasha (thrice) (D:2)
  3 adders
  6 gnolls
  2 worms
  A dart slug (D:2)
  5 orcs
  9 endoplasms
  6 giant cockroaches
  6 goblins
  8 hobgoblins
  7 kobolds
  5 quokkas
  12 ball pythons
  4 bats
  A frilled lizard (D:3)
  4 rats
85 creatures vanquished.

Vanquished Creatures (others)
  An ufetubus (D:4)
  An orc (D:4)
  6 plants (D:4)
8 creatures vanquished.

Grand Total: 93 creatures vanquished

Notes
Turn   | Place    | Note
-------+----------+-------------------------------------------
     0 | D:1      | HallandMoats the Gargoyle Fighter began the quest for the
                  | Orb.
     0 | D:1      | Reached XP level 1. HP: 14/14 MP: 1/1
   335 | D:1      | Reached XP level 2. HP: 19/19 MP: 2/2
   581 | D:1      | Reached skill level 1 in Invocations
   819 | D:1      | Reached XP level 3. HP: 23/23 MP: 3/3
  1284 | D:2      | Noticed Natasha
  1297 | D:2      | Killed Natasha
  1298 | D:2      | Reached XP level 4. HP: 12/29 MP: 5/5
  1356 | D:2      | Noticed Natasha
  1359 | D:2      | Killed Natasha
  1360 | D:2      | Reached skill level 4 in Fighting
  1369 | D:2      | Noticed Natasha
  1375 | D:2      | Killed Natasha
  1376 | D:2      | Reached skill level 1 in Dodging
  1376 | D:2      | Reached XP level 5. HP: 13/33 MP: 6/6
  1742 | D:2      | Found a faded altar of an unknown god.
  2092 | D:2      | Prayed at the altar of an unknown god.
  2092 | D:2      | Became a worshipper of Cheibriados the Contemplative
  2092 | D:2      | Reached * piety under Cheibriados
  2581 | D:3      | Reached ** piety under Cheibriados
  2708 | D:3      | Noticed Grinder
  2711 | D:3      | Reached XP level 6. HP: 22/39 MP: 6/8
  2718 | D:3      | Killed Grinder
  2722 | D:3      | Reached XP level 7. HP: 12/44 MP: 7/9
  3569 | D:4      | Reached skill level 5 in Fighting
  3596 | D:4      | Noticed Ijyb
  3606 | D:4      | Killed from afar by Ijyb

Illustrated notes

Levels and vault maps discovered:
D:1:      dpeg_arrival_three_smaller_balls, layout_basic,
          minmay_splitting_lines, minmay_misc_feat_tower, st_stairs_6
D:2:      layout_basic, ebering_ecumenical_altar_box, uniq_natasha
D:3:      minmay_wonky_spiral, layout_basic, roderic_nine_men_s_morris,
          uniq_grinder
D:4:      layout_cave_pools, mainiacjoe_overflow_chevrons,
          chequers_serial_rivers_marsh, chequers_serial_rivers_micro_e,
          uniq_menkaure, uniq_blork_the_orc, uniq_ijyb, uniq_crazy_yiuf_cottage

Skill      XL: |  1  2  3  4  5  6  7 |
---------------+----------------------+-----
Axes           | 2 3 |  3.5
Invocations    | 1 2 3 |  3.5
Fighting       | 4 5 |  5.0
Dodging        | 1 |  1.5
Armour         | 4 |  4.1
Shields        | 4 |  4.2

Action                   |  1- 3 |  4- 6 |  7- 9 || total
-------------------------+-------+-------+-------++-------
Melee: War axe           |    81 |   101 |    46 ||   228
  Use: Potion            |       |     1 |       ||     1
Armor: Scale mail        |    62 |    66 |    18 ||   146
Dodge: Dodged            |    48 |    58 |    27 ||   133
Block: Buckler           |    21 |    38 |    15 ||    74

Table legend: (Time is in decaauts)
 A = Elapsed time spent in this place.
 B = Non-inter-level travel time spent in this place.
 C = Inter-level travel time spent in this place.
 D = Time resting spent in this place.
 E = Time spent auto-exploring this place.
 F = Levels seen in this place.
 G = Mean time per level.
                   A        B        C        D        E       F      G
               +--------+--------+--------+--------+--------+-----+--------+
         Total |   4110 |   3936 |    174 |    437 |   2890 |   4 | 1027.5 |
       Dungeon |   4110 |   3936 |    174 |    437 |   2890 |   4 | 1027.5 |
               +--------+--------+--------+--------+--------+-----+--------+

Top non-repeatable levels by time:
     D:3: 1689 daAuts
     D:2: 1113 daAuts
     D:1: 1101 daAuts
     D:4: 206 daAuts
